 Dungeon Crawl Stone Soup version 0.17.1-3-g152610e (webtiles) character file.

170 Gargoyl the Skirmisher (level 5, -2/42 HPs)
             Began as a Demonspawn Abyssal Knight on Mar 1, 2016.
             Was a Priest of Lugonu.
             Slain by urm's ghost (3 damage)
             ... on level 3 of the Dungeon.
             The game lasted 00:06:33 (2859 turns).

Gargoyl the Skirmisher (Demonspawn Abyssal Knight)  Turns: 2859, Time: 00:06:33

Health: -2/42      AC: 10    Str:  9 (13) XL:     5   Next: 25%
Magic:  16/16      EV:  7    Int: 13      God:    Lugonu [***...]
Gold:   130        SH:  3    Dex: 13      Spells: 0 memorised, 4 levels left

rFire  . . .     SeeInvis .     a - +1 hand axe
rCold  . . .     Clarity  .     f - +0 chain mail
rNeg   . . .     SustAt   .     d - +0 buckler
rPois  .         Gourm    .     (no helmet)
rElec  .         Spirit   .     (no cloak)
rCorr  .         Warding  .     (no gloves)
rMut   .         Stasis   .     i - +0 pair of boots
MR     .....                    (no amulet)
Stlth  ..........               k - ring of magical power
                                h - +2 ring of evasion

@: very slightly contaminated, hasted, very quick, not resistant to hostile
enchantments, extremely unstealthy
A: hooves 1, repulsion field 1, powered by death 1
a: Depart the Abyss, Bend Space, Banish, Renounce Religion


You were on level 3 of the Dungeon.
You worshipped Lugonu.
Lugonu was most pleased with you.
You were hungry.

You visited 1 branch of the dungeon, and saw 3 of its levels.
You visited the Abyss 1 time.

You collected 130 gold pieces.

Inventory:

Hand Weapons
 a - a +1 hand axe (weapon)
Armour
 d - a +0 buckler (worn)
 f - a +0 chain mail (worn)
 i - a +0 pair of boots (worn)
Jewellery
 e - an uncursed ring of protection from cold
 h - a +2 ring of evasion (left hand)
 k - a ring of magical power (right hand)
Scrolls
 g - 3 scrolls of teleportation {unknown}
 l - a scroll of noise {unknown}
 n - 2 scrolls of remove curse {unknown}
 p - a scroll of identify
Comestibles
 c - 3 bread rations
 m - a slice of pizza


   Skills:
 + Level 4.0 Fighting
 + Level 2.6 Axes
 + Level 3.1 Armour
 + Level 1.6 Dodging
 + Level 0.2 Stealth
 + Level 0.5 Shields
 + Level 2.9 Invocations


You had 4 spell levels left.
You didn't know any spells.

Dungeon Overview and Level Annotations

Branches:
Dungeon (3/15)

Altars:
Nemelex Xobeh
Vehumet

Annotations:
D:3 urm's ghost, amateur HuWn


Innate Abilities, Weirdness & Mutations

You have large cloven feet.
You are surrounded by a mild repulsion field (EV +2).
You regenerate a little health from kills.


Message History

Urm's ghost is almost destroyed.
Urm's ghost hits you.
* * * LOW HITPOINT WARNING * * *
You closely miss urm's ghost.
Urm's ghost is almost destroyed.
You hit urm's ghost.
Urm's ghost is almost destroyed.
Urm's ghost hits you but does no damage.
You closely miss urm's ghost.
Urm's ghost is almost destroyed.
Urm's ghost hits you.
* * * LOW HITPOINT WARNING * * *
You closely miss urm's ghost.
Urm's ghost is almost destroyed.
Urm's ghost hits you!
* * * LOW HITPOINT WARNING * * *
You closely miss urm's ghost.
Urm's ghost is almost destroyed.
Urm's ghost hits you.
You die...

..)........## #.....#
#.......#### #.....#
.....=..# #######
....##### ######## #.)(#
#....... ##(##
#################.######
#.#
#...............#.......
#.#
#.#############.########
#.# #.##...@W.# #.# #
#.# #.)..####.# #.# #
#.# ###### #.# #.# #
#.###############.# #.#
# #.................#
###.### #
###################
#....<# # #.##### #
##### #.# # #...# #.###
#


You could see urm's ghost.

Vanquished Creatures
  4 gnolls (D:3)
  4 adders
  2 oozes
  2 worms
  2 giant geckos
  6 orcs (D:3)
  2 ball pythons
  4 giant cockroaches
  6 hobgoblins
  8 jackals (D:3)
  A quokka (D:2)
  7 bats
  4 giant newts
  14 goblins
  7 kobolds
  7 rats
80 creatures vanquished.

Notes
Turn   | Place    | Note
--------------------------------------------------------------
     0 | Abyss:1  | Gargoyl the Demonspawn Abyssal Knight began the quest for the Orb.
     0 | Abyss:1  | Reached XP level 1. HP: 18/18 MP: 2/2
    85 | Abyss:1  | Noticed an ancient zyme
   117 | Abyss:1  | Noticed a small abomination
   130 | Abyss:1  | Found an opulent altar of Gozag.
   145 | D:1      | Escaped the Abyss
   610 | D:1      | Reached * piety under Lugonu
   610 | D:1      | Reached skill level 1 in Dodging
   847 | D:1      | Gained mutation: You have large cloven feet. [demonic ancestry]
   847 | D:1      | Reached XP level 2. HP: 24/24 MP: 3/3
  1215 | D:2      | Gained mutation: You regenerate a little health from kills. [demonic ancestry]
  1215 | D:2      | Reached XP level 3. HP: 29/29 MP: 5/5
  1287 | D:2      | Found a radiant altar of Vehumet.
  1372 | D:2      | Reached ** piety under Lugonu
  1548 | D:2      | Reached XP level 4. HP: 36/36 MP: 6/6
  1828 | D:3      | Found a sparkling altar of Nemelex Xobeh.
  2097 | D:3      | Noticed urm's ghost (amateur HuWn)
  2301 | D:3      | Gained mutation: You are surrounded by a mild repulsion field (EV +2). [demonic ancestry]
  2301 | D:3      | Reached XP level 5. HP: 31/42 MP: 7/7
  2307 | D:3      | Reached *** piety under Lugonu
  2821 | D:3      | Reached skill level 4 in Fighting
  2858 | D:3      | HP: 1/42 [urm's ghost (8)]
  2859 | D:3      | Slain by urm's ghost

Action                   |  1- 3 |  4- 6 || total
-------------------------+-------+-------++-------
Melee: Hand axe          |   136 |   202 ||   338
Invok: Depart the Abyss  |     1 |       ||     1
  Use: Scroll            |       |     3 ||     3
       Potion            |       |     4 ||     4
  Eat: Chunk             |     2 |       ||     2
       Bread ration      |       |     1 ||     1
